 Dungeon Crawl Stone Soup version 0.29-a0-419-g77450f2 (webtiles) character file.

Game seed: 8228423201257062396

250 Think the Skirmisher (level 6, 0/43 HPs)
             Began as an Octopode Fighter on May 18, 2022.
             Was a Believer of Elyvilon.
             Slain by a killer bee (8 damage)
             ... on level 4 of the Dungeon.
             The game lasted 00:07:38 (3847 turns).

Think the Skirmisher (Octopode Fighter)             Turns: 3847, Time: 00:07:38

Health: 0/43       AC:  1    Str: 16    XL:     6   Next: 13%
Magic:  1/6        EV: 13    Int: 12    God:    Elyvilon [**....]
Gold:   338        SH:  4    Dex: 11    Spells: 5/5 levels left

rFire   . . .      SeeInvis .   a - +0 rapier
rCold   + . .      Faith    .   b - +0 buckler
rNeg    . . .      Spirit   .   (helmet restricted)
rPois   .          Reflect  .   (no amulet)
rElec   .          Harm     .   o - ring of willpower
rCorr   .          Rampage  .   n - ring of protection from cold
Will    +....                   (no ring)
Stlth   ++........              (no ring)
HPRegen 0.14/turn               (no ring)
MPRegen 0.10/turn               (no ring)
                                (no ring)
                                (no ring)

@: mighty, attractive
A: almost no armour, amphibious, 8 rings, camouflage 1, gelatinous body 1,
(nimble swimmer 1), tentacles
a: Renounce Religion, Purification, Heal Other


You were on level 4 of the Dungeon.
You worshipped Elyvilon.
Elyvilon was pleased with you.
You visited 1 branch of the dungeon, and saw 5 of its levels.

You collected 338 gold pieces.

Inventory:

Hand Weapons
 a - a +0 rapier (weapon)
Armour
 b - a +0 buckler (worn)
Jewellery
 n - a ring of protection from cold (right tentacle)
 o - a ring of willpower (left tentacle)
 q - an amulet of magic regeneration
Scrolls
 d - a scroll of immolation
 e - 2 scrolls of identify
 g - 2 scrolls of blinking
 i - a scroll of teleportation {unknown}
 k - a scroll of enchant weapon
Potions
 c - a potion of might
 h - a potion of ambrosia {unknown}
 l - a potion of haste {unknown}
 m - 2 potions of degeneration {unknown}
 p - a potion of brilliance {unknown}


   Skills:
 + Level 4.2 Fighting
 + Level 3.4 Short Blades
 + Level 4.2 Dodging
 + Level 4.1 Shields


You had 5 spell levels left.
You didn't know any spells.
Your spell library was empty.

Dungeon Overview and Level Annotations

Branches:
Dungeon (5/15)
 Temple: D:4-7

Altars:
Elyvilon
Gozag
Makhleb

Shops:
D:1 [!(!   D:2 =[(

Annotations:
D:4 1 runed translucent door, Giibl3ts's ghost, novice DjCK


Innate Abilities, Weirdness & Mutations

You cannot wear most types of armour.
You are amphibious.
You can wear up to eight rings at the same time.
Your skin changes colour to match your surroundings (Stealth+).
Your rubbery body absorbs attacks. (AC +1, EV +1)
((You are camouflaged when in or above water. (Stealth+)))
You have tentacles for arms and can constrict up to eight enemies at once.


Message History

The killer bee is severely wounded.
The killer bee stings you. The killer bee closely misses you.
You miss the killer bee. Your grab misses the killer bee.
Your squeeze misses the killer bee.
The killer bee is severely wounded.
You block the killer bee's attack. The killer bee stings you.
You are poisoned.
The killer bee poisons you! The killer bee stings you.
Okay, then.
You feel purified! You block the killer bee's attack.
The killer bee stings you but does no damage.
You miss the killer bee. Your grab misses the killer bee.
The killer bee is severely wounded.
The killer bee misses you. The killer bee closely misses you.
You hit the killer bee but do no damage.
Your grab misses the killer bee.
The killer bee is severely wounded.
The killer bee stings you.
You are poisoned.
The killer bee poisons you! The killer bee barely misses you.
You feel purified!
The killer bee stings you but does no damage.
The killer bee closely misses you.
You closely miss the killer bee. Your grab misses the killer bee.
The killer bee is severely wounded.
The killer bee stings you. x2
You hit the killer bee. Your grab misses the killer bee.
The killer bee is severely wounded.
The killer bee stings you.
* * * LOW HITPOINT WARNING * * *
The killer bee stings you.
* * * LOW HITPOINT WARNING * * *
You miss the killer bee. Your grab misses the killer bee.
The killer bee is severely wounded.
The killer bee barely misses you. The killer bee stings you!
Elyvilon protects you from harm!
You barely miss the killer bee. Your grab misses the killer bee.
The killer bee is severely wounded.
You block the killer bee's attack. The killer bee stings you!
You die...

#.....)....... #..........###
#.......###.#. ###....###...#..
#...###.#....#.. #
###.##...#.....#.. ## ###
#...#....#....#.## .####.####
#.##.....#...###.. .........#
####@##....#.###.#...
.#.##.##.####..y..#...###...#....
##.##.........##.#.###.#....#....
##.#####.#######.##...#..>..#...#
##.#####.# #.#....#....#.###.
.........# ##.....#...###...#
......###########....#.###.#....#
.#.##.#####.....#...###...#.....#
.#.##.#.....####.###.#....#....#.


You could see a killer bee.

Vanquished Creatures
  Blork the orc (D:4)
  A jelly (D:4)
  Jessica (D:3)
  5 adders
  6 orcs (D:3)
  4 endoplasms
  6 hobgoblins
  8 jackals
  4 kobolds
  2 quokkas
  8 ball pythons
  8 bats
  4 frilled lizards
  7 goblins
  7 rats
72 creatures vanquished.

Notes
Turn   | Place    | Note
-------+----------+-------------------------------------------
     0 | D:1      | Think the Octopode Fighter began the quest for the Orb.
     0 | D:1      | Reached XP level 1. HP: 16/16 MP: 1/1
   182 | D:1      | Found Zenalag's Armour Emporium.
   217 | D:1      | Found Tioveyhatz's Distillery.
   313 | D:1      | Reached XP level 2. HP: 21/21 MP: 2/2
   364 | D:1      | Found Wiat's Weapon Shoppe.
   804 | D:1      | Reached XP level 3. HP: 22/26 MP: 3/3
   946 | D:1      | Found Ytupuaja's Distillery.
  1365 | D:2      | Found Uxzuov's Antique Weapon Shoppe.
  1672 | D:2      | Found Qesurum's Jewellery Shoppe.
  2033 | D:2      | Found Enoamn's Antique Armour Boutique.
  2082 | D:2      | Identified the +3 ring mail "Nujyesu" {rPois rN+ Dex+3}
  2119 | D:2      | Found a faded altar of an unknown god.
  2129 | D:2      | Prayed at the altar of an unknown god.
  2129 | D:2      | Became a worshipper of Elyvilon the Healer
  2129 | D:2      | Reached * piety under Elyvilon
  2204 | D:3      | Noticed Jessica
  2219 | D:3      | Killed Jessica
  2220 | D:3      | Reached XP level 4. HP: 28/32 MP: 4/4
  2767 | D:3      | Reached ** piety under Elyvilon
  2778 | D:3      | Found an opulent altar of Gozag.
  2780 | D:3      | Found a burning altar of Makhleb.
  2807 | D:3      | Reached XP level 5. HP: 29/37 MP: 5/5
  3217 | D:4      | Found a runed translucent door.
  3218 | D:4      | Noticed Giibl3ts's ghost (novice DjCK)
  3297 | D:4      | Noticed Blork the orc
  3309 | D:4      | Killed Blork the orc
  3462 | D:4      | Reached XP level 6. HP: 39/43 MP: 6/6
  3808 | D:5      | Entered Level 5 of the Dungeon
  3846 | D:4      | Elyvilon protects you from harm!
  3847 | D:4      | Slain by a killer bee

Illustrated notes

Levels and vault maps discovered:
D:1:      kennysheep_arrival_seaside, layout_loops_ring, serial_shops, shop,
          shop, nicolae_shop_statue_plus, nicolae_shop_trees
D:2:      layout_loops_cross, ebering_ecumenical_altar_petrified, serial_shops,
          shop_fountains, shop, shop, minmay_cupped
D:3:      layout_loops_ring, jmf_multi_god_temple, uniq_jessica
D:4:      nicolae_BIG_FREAKIN_CUBE, layout_loops_cross,
          ebering_ghost_reflecting_pool, uniq_blork_the_orc
D:5:      layout_basic, elyvilon_altar_5, minmay_temple_entry_hall,
          chequers_serial_rivers_room_b

Skill      XL: |  1  2  3  4  5 |
---------------+----------------+-----
Short Blades   | 3 |  3.4
Fighting       | 4 |  4.2
Dodging        | 4 |  4.2
Shields        | 4 |  4.1

Action                   |  1- 3 |  4- 6 || total
-------------------------+-------+-------++-------
Melee: Rapier            |    79 |    66 ||   145
       Constrict         |    19 |     8 ||    27
       Tentacles         |     5 |     8 ||    13
       Punch             |     1 |     1 ||     2
Invok: Purification      |       |     3 ||     3
  Use: Scroll            |       |     5 ||     5
       Potion            |       |     6 ||     6
 Stab: Sleeping          |     3 |     8 ||    11
Armor: Skin              |     3 |     3 ||     6
Dodge: Dodged            |    46 |    47 ||    93
Block: Buckler           |    14 |    18 ||    32

Table legend: (Time is in decaauts)
 A = Elapsed time spent in this place.
 B = Non-inter-level travel time spent in this place.
 C = Inter-level travel time spent in this place.
 D = Time resting spent in this place.
 E = Time spent auto-exploring this place.
 F = Levels seen in this place.
 G = Mean time per level.
                   A        B        C        D        E       F      G
               +--------+--------+--------+--------+--------+-----+--------+
         Total |   3861 |   3749 |    112 |    256 |   2965 |   5 |  772.2 |
       Dungeon |   3861 |   3749 |    112 |    256 |   2965 |   5 |  772.2 |
               +--------+--------+--------+--------+--------+-----+--------+

Top non-repeatable levels by time:
     D:1: 1181 daAuts
     D:2: 1028 daAuts
     D:3: 918 daAuts
     D:4: 714 daAuts
     D:5: 18 daAuts
